 Dungeon Crawl Stone Soup version 0.13-a0-2133-ge955d09 (webtiles) character file.

163 Kae the Firebug (level 4, -2/24 HPs)
             Began as a Tengu Fire Elementalist on June 28, 2013.
             Slain by an orc
             ... wielding a -1,+1 orcish hand axe
              (11 damage)
             ... on Level 3 of the Dungeon.
             The game lasted 00:02:31 (1560 turns).

Kae the Firebug (Tengu Fire Elementalist)           Turns: 1560, Time: 00:02:31

HP  -2/24        AC  2     Str  9      XL: 4   Next: 10%
MP   0/8         EV 11     Int 16      God:
Gold 100         SH  8     Dex 14      Spells:  2 memorised,  2 levels left

Res.Fire  : . . .   See Invis. : .   (no weapon)
Res.Cold  : . . .   Warding    : .   a - +0 robe
Life Prot.: . . .   Conserve   : .   p - +1 buckler
Res.Poison: .       Res.Corr.  : .   (helmet restricted)
Res.Elec. : .       Clarity    : .   (no cloak)
Sust.Abil.: . .     Spirit.Shd : .   (no gloves)
Res.Mut.  : .       Stasis     : .   (boots unavailable)
Res.Rott. : .       Flight     : .   (no amulet)
Saprovore : . . .                    (no ring)
                                     (no ring)

@: slightly resistant to hostile enchantments, fairly stealthy
A: beak, talons 3
a: no special abilities


You were on level 3 of the Dungeon.
You were hungry.

You visited 1 branch of the dungeon, and saw 3 of its levels.

You collected 80 gold pieces.

Inventory:

Armour
 a - a +0 robe (worn)
 p - a +1 buckler (worn)
Comestibles
 c - 3 bread rations
 i - 2 apples
 o - 2 pears
Scrolls
 d - a scroll of enchant armour {unknown}
 g - 2 scrolls of identify {unknown}
 h - a scroll of teleportation {unknown}
 l - a scroll of remove curse {unknown}
 q - a scroll of magic mapping {unknown}
Jewellery
 j - an uncursed amulet of faith {unknown}
Potions
 e - a potion of curing {unknown}
 f - 3 potions of agility {unknown}
 k - 2 potions of poison {unknown}
 m - a potion of slowing {unknown}
 n - a potion of restore abilities {unknown}
Books
 b - a book of Flames

   Spells                             Type                      Level
   *Flame Tongue                      Conjuration/Fire             1
   Throw Flame                        Conjuration/Fire             2
   *Conjure Flame                     Conjuration/Fire             3
   Inner Flame                        Hexes/Fire                   3
   Sticky Flame                       Conjuration/Fire             4
   Fireball                           Conjuration/Fire             5


   Skills:
 - Level 2.1 Dodging
 - Level 2.0 Stealth
 + Level 0.2 Shields
 + Level 1.5 Spellcasting
 * Level 3.0 Conjurations
 * Level 4.4 Fire Magic


You had 2 spell levels left.
You knew the following spells:

 Your Spells              Type           Power        Failure   Level  Hunger
a - Flame Tongue          Conj/Fire      ##...        6%          1    ##.....
b - Conjure Flame         Conj/Fire      ##......     17%         3    ####...


Dungeon Overview and Level Annotations

Branches:
Dungeon (3/27)

Altars:
Okawaru


Innate Abilities, Weirdness & Mutations

You have a beak for a mouth.
You have claws for feet.


Message History

You hit the orc but do no damage. Your kick misses the orc.
The orc is severely wounded.
The orc hits you with an orcish club.
You hit the orc.
The orc is severely wounded.
You hit the orc. Your kick misses the orc.
The orc is almost dead.
The orc closely misses you. The orc hits you with an orcish club.
Casting: Flame Tongue
Confirm with . or Enter, or press ? or * to list all spells.
Aiming: Flame Tongue
Press: ? - help, Shift-Dir - straight line, f/p - orc
Aim: an orc, wielding an orcish club and wearing an orcish scale mail (almost dead)
The flame hits the orc.
You kill the orc!
Your Conjurations skill increases to level 3!
You hit the orc but do no damage. You claw the orc.
The orc is moderately wounded.
The orc hits you with an orcish hand axe!
You die...

#.##### . ... ..#
.# ... ... .. #.#
#.# .# #.# #.# .#
##.###.# .#
#......# .#
#......###.#######
#).....@o.........
#......###$#######
##########...%..#
.o.
#.......<.......#
.r!..
#.########......#
....... #....[.#
...... ########
..... .... .


You could see an orc.

Vanquished Creatures
  An adder (D:2)
  An ooze (D:2)
  4 orcs
  A ball python (D:3)
  5 bats
  2 giant cockroaches (D:1)
  9 goblins
  5 hobgoblins (D:1)
  A quokka (D:3)
  4 training dummies (D:2)
  4 giant newts
  5 kobolds
  4 rats
46 creatures vanquished.

Vanquished Creatures (others)
  A kobold (D:2)
1 creature vanquished.

Grand Total: 47 creatures vanquished

Notes
Turn   | Place    | Note
--------------------------------------------------------------
     0 | D:1      | Kae, the Tengu Fire Elementalist, began the quest for the Orb.
     0 | D:1      | Reached XP level 1. HP: 10/10 MP: 3/3
   129 | D:1      | Reached XP level 2. HP: 15/15 MP: 5/5
   711 | D:1      | Reached XP level 3. HP: 16/19 MP: 5/7
   722 | D:1      | Learned a level 3 spell: Conjure Flame
   892 | D:2      | Found an iron altar of Okawaru.
   929 | D:2      | Reached skill level 4 in Fire Magic
  1537 | D:3      | Reached XP level 4. HP: 24/24 MP: 5/8
  1560 | D:3      | Slain by an orc

Action                   |  1- 3 |  4- 6 || total
-------------------------+-------+-------++-------
Melee: Unarmed           |    41 |    15 ||    56
 Cast: Flame Tongue      |    51 |     8 ||    59
